 Seeded DCSS version 0.30-a0-824-g6c64550be9 (webtiles) character file.

Game seed: 9545873883287505910 (custom seed)

170 hikkokomori the Chopper (level 5, 0/44 HPs)
             Began as a Demigod Reaver on Feb 28, 2023.
             Slain by a water moccasin (8 damage)
             ... on level 4 of the Dungeon.
             The game lasted 00:03:42 (2806 turns).

hikkokomori the Chopper (Demigod Reaver)            Turns: 2806, Time: 00:03:43

Health: 0/44       AC:  2    Str: 17    XL:     5   Next: 4%
Magic:  10/10      EV: 11    Int: 18    God:
Gold:   185        SH:  0    Dex: 15    Spells: 4/8 levels left

rFire   + . .      SeeInvis .    m - +9 war axe of Kish {vamp, *Corrode rF+ Int+3 Dex+3}
rCold   . . .      Faith    .    (no shield)
rNeg    . . .      Spirit   .    k - +0 ring mail
rPois   .          Reflect  .    (no helmet)
rElec   .          Harm     .    (no cloak)
rCorr   +          Rampage  .    (no gloves)
Will    .....                    d - +0 pair of boots
Stlth   +                        (no amulet)
HPRegen 0.27/turn                j - ring of resist corrosion
MPRegen 0.12/turn                (no ring)

@: corroded, flying
A: high MP 1, forlorn, divine attributes
a: no special abilities


You were on level 4 of the Dungeon.
You visited 1 branch of the dungeon, and saw 4 of its levels.

You collected 185 gold pieces.

Inventory:

Hand Weapons
 a - a +0 hand axe
 m - the +9 war axe of Kish (weapon) {vamp, *Corrode rF+ Int+3 Dex+3}
   (You found it on level 3 of the Dungeon)

   Int:       It affects your intelligence (+3).
   Dex:       It affects your dexterity (+3).
   rF:        It protects you from fire.
   *Corrode:  It may corrode you when you take damage.
Armour
 b - a +0 leather armour
 d - a +0 pair of boots (worn)
 k - a +0 ring mail (worn)
Jewellery
 j - a ring of resist corrosion (left hand)
 p - a ring of positive energy
Scrolls
 c - a scroll of amnesia {unknown}
 e - 2 scrolls of vulnerability {unknown}
 h - 4 scrolls of identify {unknown}
 l - a scroll of acquirement {unknown}
 n - a scroll of teleportation {unknown}
Potions
 f - a potion of curing
 g - a potion of brilliance {unknown}
 i - 2 potions of flight
 o - a potion of degeneration {unknown}


   Skills:
 + Level 2.9 Fighting
 + Level 3.5 Axes
 - Level 2.6 Dodging
 + Level 0.6 Stealth
 - Level 2.0 Spellcasting
 - Level 3.2 Conjurations
 + Level 0.6 Air Magic


You had 4 spell levels left.
You knew the following spells:

 Your Spells              Type           Power      Damage    Failure   Level
a - Kiss of Death         Conj/Necr      28%        2d7       17%         1
b - Mephitic Cloud        Conj/Pois/Air  6%         N/A       52%         3

Your spell library contained the following spells:

 Spells                   Type           Power      Damage    Failure   Level
 Foxfire                  Conj/Fire      28%        2x1d5     17%         1
 Momentum Strike          Conj/Tloc      14%        3d8       26%         2
 Freeze                   Ice            4%         1d3       32%         1
 Lesser Beckoning         Tloc           2%         N/A       45%         2
 Hailstorm                Conj/Ice       7%         3d4       45%         3
 Frozen Ramparts          Ice            2%         1d1       69%         3
 Gell's Gravitas          Tloc           1%         N/A       69%         3
 Teleport Other           Tloc           1%         N/A       69%         3
 Flame Wave               Conj/Fire      7%         2d5       86%         4
 Lightning Bolt           Conj/Air       4%         1d15      99%         5


Dungeon Overview and Level Annotations

Branches:
Dungeon (4/15)             Temple (0/1) D:4

Shops:
D:2 [


Innate Abilities, Weirdness & Mutations

You have an increased reservoir of magic. (+10% MP)
You shall have no god before yourself.
Your divine heritage dramatically boosts your attributes as you level up.


Message History

No target in view!
No target in view!
No target in view!
No target in view!
No target in view!
e - 2 scrolls labelled FAIGUXT VULL (gained 1)
A water moccasin comes into view.
The water moccasin hisses angrily.
A water moccasin is nearby!
A water moccasin is nearby!
A water moccasin is nearby!
Found a hide-covered altar of Uskayaw.
The water moccasin misses you. The water moccasin bites you!
Your corrosive artefact corrodes you!
You closely miss the water moccasin. The water moccasin bites you!
You are poisoned.
The water moccasin poisons you!
You slash the water moccasin!
You feel better.
The water moccasin is heavily wounded.
You feel very sick. The water moccasin bites you. x2
You barely miss the water moccasin.
The water moccasin is heavily wounded.
You feel very sick. The water moccasin bites you!
* * * LOW HITPOINT WARNING * * *
You are lethally poisoned!
The water moccasin poisons you!
The water moccasin bites you but does no damage.
You are too injured to fight recklessly!
It was a potion of flight.
You feel very buoyant.
You fly up into the air.
* * * LOW HITPOINT WARNING * * *
You feel very sick.
The water moccasin bites you but does no damage.
It was a potion of curing.
You feel better. The water moccasin bites you!
* * * LOW HITPOINT WARNING * * *
The water moccasin bites you!
You die...

.....###..##...........#
...##......###._.###.#
#....... #...#...#
#......#.##.##.#.##
#......# ......#..#
......####.####..#
..............#
..####.####..#
#.S@....#..#
#.##.##.#..# .. ...#
...# #. ._.# #..# ..
..... .... ## ........##
########


You could see a water moccasin.

Vanquished Creatures
  A hound (D:4)
  An iguana (D:4)
  3 adders
  An ufetubus (D:4)
  2 worms
  A dart slug (D:2)
  An orc (D:4)
  4 ball pythons
  4 bats
  6 endoplasms
  5 giant cockroaches
  9 hobgoblins
  4 jackals (D:1)
  4 quokkas
  2 frilled lizards
  9 goblins
  5 kobolds
  3 rats
65 creatures vanquished.

Notes
Turn   | Place    | Note
-------+----------+-------------------------------------------
     0 | D:1      | hikkokomori the Demigod Reaver began the quest for the Orb.
     0 | D:1      | Reached XP level 1. HP: 17/17 MP: 5/5
    40 | D:1      | Got the Vellum of the Eleven Servitors
   313 | D:1      | Reached XP level 2. HP: 24/24 MP: 7/7
   709 | D:2      | Found Talekk's Armour Shoppe.
  1056 | D:2      | Reached XP level 3. HP: 29/29 MP: 8/8
  2202 | D:3      | Identified the +9 war axe of Kish {vamp, *Corrode rF+ Int+3
                  | Dex+3}
  2460 | D:3      | Reached XP level 4. HP: 37/37 MP: 9/9
  2654 | D:4      | Found a staircase to the Ecumenical Temple.
  2714 | D:4      | Learned a level 3 spell: Mephitic Cloud
  2743 | D:4      | Reached XP level 5. HP: 44/44 MP: 10/10
  2798 | D:4      | Noticed a water moccasin
  2806 | D:4      | Slain by a water moccasin

Illustrated notes

Levels and vault maps discovered:
D:1:      doesnt_arrival_eight_statues, layout_loops_ring,
          ebering_ecumenical_altar_petrified
D:2:      layout_loops_corners, serial_shops, shop
D:3:      layout_basic
D:4:      layout_rooms, mainiacjoe_overflow_large_starburst,
          minmay_temple_entry_offerings, serial_shops, shop_statue,
          amethyst_killhole, supply_closet_lemuel

Skill      XL: |  1  2 |
---------------+-------+-----
Fighting       | 2 |  2.9
Dodging        | 2 |  2.6
Spellcasting   | 2 |  2.0
Axes           | 3 |  3.5
Conjurations   | 3 |  3.2
Stealth        | |  0.6
Air Magic      | |  0.6

Action                     |  1- 3 |  4- 6 || total
---------------------------+-------+-------++-------
  Melee: Hand axe          |   168 |       ||   168
         Punch             |     1 |       ||     1
         War axe           |    19 |    29 ||    48
    Use: Potion            |       |     2 ||     2
 Armour: Leather armour    |    20 |       ||    20
         Ring mail         |    37 |    15 ||    52
  Dodge: Dodged            |   109 |    20 ||   129

Table legend: (Time is in decaauts)
 A = Elapsed time spent in this place.
 B = Non-inter-level travel time spent in this place.
 C = Inter-level travel time spent in this place.
 D = Time resting spent in this place.
 E = Time spent auto-exploring this place.
 F = Levels seen in this place.
 G = Mean time per level.
                   A        B        C        D        E       F      G
               +--------+--------+--------+--------+--------+-----+--------+
         Total |   2847 |   2750 |     97 |     62 |   2170 |   4 |  711.8 |
       Dungeon |   2847 |   2750 |     97 |     62 |   2170 |   4 |  711.8 |
               +--------+--------+--------+--------+--------+-----+--------+

Top non-repeatable levels by time:
     D:2: 1057 daAuts
     D:3: 845 daAuts
     D:1: 783 daAuts
     D:4: 160 daAuts
